AoeStats
← Fathandzzz

Arabia

510040732Analyzed
2v2 RM · 2d ago on Sep 29, 2026· 101m 52s· 4 players
Game mode
Random Map
Map size
Medium (4 player)
Population
200
Speed
Normal
Resources
Standard
Victory
Conquest
Starting age
Dark Age
Ending age
Imperial Age
RankedLock teamsTeams togetherTeam positionsShared explorationLock speedFull tech treeHidden civsTurbo modeCheats
Victory
Defeat
🇺🇸 Saracens · United States
1151
+17
🇲🇽 Varangians · Mexico
1098
+19
🇺🇸 Varangians · United States
1166
-18
🇺🇸 Ethiopians · United States
1166
-18
Masiosare
6:43 Loom
9:17 Feudal Age
10:01 Double-Bit Axe
9:58 Horse Collar
20:11 Castle Age
19:14 Bloodlines
19:11 Scale Barding Armor
20:35 Forging
21:18 Wheelbarrow
20:32 Town Watch
21:07 Husbandry
21:06 Gold Mining
22:05 Bow Saw
24:01 Gold Shaft Mining
24:48 Heavy Plow
25:07 Hand Cart
30:17 Chain Barding Armor
33:54 Gold Shaft Mining
33:09 Stone Mining
34:08 Fervor
34:19 Sanctity
35:29 Iron Casting
37:49 Imperial Age
35:44 Fletching
38:17 Bimaristan
39:33 Two-Man Saw
39:02 Conscription
38:58 Heavy Camel Rider
40:29 Ballistics
41:10 Chemistry
41:14 Plate Barding Armor
40:20 Light Cavalry
41:47 Siege Engineers
41:53 Masonry
42:03 Counterweights
43:59 Blast Furnace
43:58 Bodkin Arrow
48:26 Hoardings
48:01 Hussar
48:46 Bracer
51:08 Murder Holes
77:24 Elite Mameluke
93:33 Caravan
El Gordo Puto
7:05 Loom
9:57 Feudal Age
10:51 Double-Bit Axe
15:24 Horse Collar
21:21 Castle Age
19:35 Padded Archer Armor
25:27 Elite Skirmisher
27:53 Heavy Plow
28:19 Fletching
33:40 Gold Mining
34:04 Scale Barding Armor
34:20 Forging
34:11 Town Watch
41:50 Chain Barding Armor
47:04 Iron Casting
51:55 Scale Mail Armor
59:21 Wheelbarrow
60:12 Leather Archer Armor
61:23 Bodkin Arrow
69:57 Stone Mining
74:01 Ballistics
78:09 Imperial Age
80:37 Chemistry
81:37 Bracer
85:06 Ring Archer Armor
88:04 Stone Shaft Mining
89:04 Heavy Mounted Crossbowman
99:30 Husbandry
101:59 Crop Rotation
Fathandzzz
6:21 Loom
10:49 Feudal Age
11:22 Double-Bit Axe
17:49 Castle Age
17:03 Horse Collar
18:03 Fletching
18:13 Padded Archer Armor
18:20 Crossbowman
18:57 Bodkin Arrow
21:36 Bow Saw
21:27 Heavy Plow
27:48 Wheelbarrow
29:22 Scale Mail Armor
29:34 Forging
29:42 Gold Mining
31:16 Hand Cart
35:21 Imperial Age
33:54 Royal Heirs
35:30 Thumb Ring
35:31 Arbalester
36:36 Conscription
37:06 Arson
37:22 Squires
38:09 Ballistics
40:21 Bracer
40:37 Chain Mail Armor
40:57 Iron Casting
41:56 Chemistry
44:35 Elite Shotel Warrior
47:16 Plate Mail Armor
47:21 Iron Casting
51:08 Iron Casting
54:53 Murder Holes
55:09 Masonry
55:05 Siege Engineers
59:28 Blast Furnace
59:05 Guilds
62:29 Leather Archer Armor
62:54 Sappers
71:06 Two-Man Saw
69:43 Halberdier
73:37 Town Watch
77:30 Caravan
91:22 Light Cavalry
92:03 Husbandry
92:09 Hussar
Killacammmmm461
8:13 Loom
10:53 Feudal Age
16:11 Horse Collar
18:55 Stone Mining
19:55 Double-Bit Axe
25:25 Castle Age
25:56 Scale Barding Armor
26:01 Forging
29:26 Pikeman
31:38 Bloodlines
39:59 Imperial Age
39:48 Gambesons
40:40 Arson
41:33 Squires
48:24 Scale Mail Armor
48:29 Fletching
66:45 Halberdier
75:15 Chain Mail Armor
81:14 Light Cavalry
97:33 Chain Barding Armor
Connection lost

Rejoining the realm…

Still unreachable

The connection could not be restored.

Session expired

The server has moved on; the page needs a fresh start.